 Dungeon Crawl Stone Soup version 0.31.0-12-g77e489cdc1 (webtiles) character file.

Game seed: 7468448060450633601

336 12345 the Slasher (level 6, -2/38 HPs)
             Began as a Tengu Gladiator on Mar 4, 2024.
             Slain by a gnoll
             ... wielding a +0 flail
             ... led by a gnoll bouda
              (4 damage)
             ... on level 5 of the Dungeon.
             The game lasted 00:09:01 (2799 turns).

12345 the Slasher (Tengu Gladiator)                 Turns: 2799, Time: 00:09:02

Health: -2/38      AC:  5    Str: 20    XL:     6   Next: 54%
Magic:  7/7        EV: 18    Int:  9    God:
Gold:   262        SH:  5    Dex: 17    Spells: 5/5 levels left

rFire   . . .        a - +0 long sword
rCold   . . .        (no shield)
rNeg    . . .        p - +0 ring mail
rPois   .            c - +0 hat
rElec   .            v - scarf {repulsion}
rCorr   .            (no gloves)
SInv    .            (boots unavailable)
Will    .....        B - amulet of reflection
Stlth   +            g - +6 ring of strength
HPRegen 0.26/turn    l - +5 ring of evasion
MPRegen 0.10/turn

%: repel missiles, reflection, acrobat
@: about to teleport, weakened
A: beak, talons 3, acrobatic
a: no special abilities


You were on level 5 of the Dungeon.
You visited 1 branch of the dungeon, and saw 5 of its levels.

You collected 262 gold pieces.

Inventory:

Hand Weapons
 a - a +0 long sword (weapon)
Missiles
 d - 3 throwing nets
 e - 7 javelins
 o - 4 poisoned darts (quivered)
 y - a boomerang
 A - 3 darts of dispersal
Armour
 b - a +0 leather armour
 c - a +0 hat (worn)
 p - a +0 ring mail (worn)
 v - a scarf of repulsion (worn)
Jewellery
 g - a +6 ring of strength (left hand)
 k - a ring of flight
 l - a +5 ring of evasion (right hand)
 B - an amulet of reflection (around neck)
Scrolls
 h - a scroll of butterflies {unknown}
 j - a scroll of fear {unknown}
 r - a scroll of amnesia
 u - a scroll of silence {unknown}
 w - 2 scrolls of teleportation
 x - a scroll of revelation {unknown}
Potions
 f - a potion of cancellation {unknown}
 i - 2 potions of curing
 n - a potion of ambrosia {unknown}
 q - a potion of haste {unknown}
 s - 2 potions of brilliance
 t - a potion of attraction {unknown}
 z - a potion of heal wounds {unknown}


   Skills:
 * Level 4.3 Fighting
 * Level 5.3 Long Blades
 - Level 2.0 Throwing
 * Level 4.9 Dodging


You had 5 spell levels left.
You didn't know any spells.
Your spell library contained the following spells:

 Spells                   Type           Power      Damage    Failure   Level
 Shock                    Conj/Air       0%         1d3       56%         1
 Swiftness                Air            0%         N/A       91%         3
 Airstrike                Air            0%         2d(0-16)  100%        4


Dungeon Overview and Level Annotations

Branches:
Dungeon (5/15)
 Temple: D:4-7

Altars:
Xom
The Shining One

Annotations:
D:3 loot dig


Innate Abilities, Weirdness & Mutations

You have a beak for a mouth.
You have claws for feet.
You can magically evade attacks while moving or waiting.


Message History

The gnoll bouda gazes fiercely through you!
You feel your attacks grow feeble.
You hear a shout! x2
You hit the gnoll bouda.
The gnoll bouda is lightly wounded.
The gnoll bouda gazes fiercely through you!
You feel as though you will be weak longer.
The gnoll bouda barely misses you.
You hit the gnoll bouda.
You claw the gnoll bouda, but do no damage.
You peck the gnoll bouda, but do no damage.
The gnoll bouda is heavily wounded.
The gnoll bouda hits you with a +3 whip!
A white imp comes into view.
The white imp shouts!
You hit the gnoll bouda. Your kick misses the gnoll bouda.
The gnoll bouda is severely wounded.
A gnoll comes into view. It is wielding a +0 flail.
The gnoll bouda hits you with a +3 whip.
You hit the gnoll bouda but do no damage.
You claw the gnoll bouda, but do no damage.
The gnoll bouda is severely wounded.
You block the gnoll's attack.
The gnoll bouda hits you with a +3 whip!
The gnoll barely misses you.
You are too injured to fight recklessly!
You hit the gnoll bouda.
You claw the gnoll bouda, but do no damage.
The gnoll bouda is almost dead.
A gnoll comes into view. It is wielding a +0 spear.
The gnoll bouda barks out a call to the hunt!
The gnoll picks up the pace!
The gnoll hits you with a +0 club.
* * * LOW HITPOINT WARNING * * *
As you read the scroll of teleportation, it crumbles to dust.
You feel strangely unstable.
The gnoll is no longer moving quickly. x2
The gnoll hits you from afar with a +0 spear!
* * * LOW HITPOINT WARNING * * *
The gnoll hits you with a +0 flail.
You die...

##.......#
#........#
##........#
#.........#
#.........#
#...5.....#
##.........#
#..g......##
##@g......#
##g......#
##.g#.....#
#..####..##
##.## ####
##.## ##..#
#..## #g##


You could see a gnoll bouda, 3 gnolls and a white imp.

Vanquished Creatures
  A scorpion (D:4)
  A hound (D:5)
  An orc priest (D:4)
  An iguana (D:5)
  An orc wizard (D:4)
  4 gnolls
  5 adders
  2 dart slugs
  6 orcs
  3 ball pythons
  8 endoplasms
  4 giant cockroaches
  6 goblins
  4 hobgoblins
  8 jackals
  4 kobolds
  3 quokkas
  6 bats
  3 frilled lizards
  3 rats
74 creatures vanquished.

Notes
Turn   | Place    | Note
-------+----------+-------------------------------------------
     0 | D:1      | 12345 the Tengu Gladiator began the quest for the Orb.
     0 | D:1      | Reached XP level 1. HP: 12/12 MP: 2/2
    76 | D:1      | Reached XP level 2. HP: 17/17 MP: 3/3
   329 | D:1      | Reached XP level 3. HP: 22/22 MP: 4/4
   709 | D:2      | Reached skill level 4 in Long Blades
   884 | D:1      | Reached XP level 4. HP: 28/28 MP: 5/5
  1205 | D:2      | Identified the +5 hand axe "Irghoreo" {venom, rC+++ Str+5
                  | Int-2}
  1413 | D:3      | Found a shimmering altar of Xom.
  1694 | D:3      | Reached XP level 5. HP: 25/32 MP: 6/6
  2111 | D:4      | Reached skill level 5 in Long Blades
  2111 | D:4      | Reached XP level 6. HP: 38/38 MP: 7/7
  2271 | D:4      | Identified the +0 war axe of Xesounka {pain, Int+4}
  2318 | D:4      | Found a glowing golden altar of the Shining One.
  2568 | D:5      | Entered Level 5 of the Dungeon
  2799 | D:5      | Slain by a gnoll

Illustrated notes

Levels and vault maps discovered:
D:1:      minmay_arrival_jagged, layout_basic,
          hangedman_abyss_or_decor_lesser_grid, minmay_tall_x
D:2:      layout_loops_cross, minmay_misc_feat_secret_circle
D:3:      layout_rooms, xom_butterflies, serial_glass, glass_columns_b,
          glass_columns_c, glass_columns_a, glass_columns_a,
          due_unseen_surprise, feat_on_display, feat_on_display,
          reono_crystal_passage, kennysheep_flooded_box, guppyfry_early_orc_mine
D:4:      layout_basic, nicolae_tso_swordbearing_angel
D:5:      layout_cave_pods, serial_shops, nicolae_inconvenience_store,
          minmay_manual_monolith

Skill      XL: |  1  2  3  4  5  6 |
---------------+-------------------+-----
Long Blades    | 4 5 |  5.3
Fighting       | 3 4 |  4.3
Dodging        | 4 |  4.9
Throwing       | |  2.0

Action                     |  1- 3 |  4- 6 || total
---------------------------+-------+-------++-------
  Melee: Long sword        |    40 |   141 ||   181
         Kick              |    11 |    36 ||    47
         Peck              |     5 |    17 ||    22
  Throw: Dart              |       |     7 ||     7
    Use: Scroll            |       |     5 ||     5
 Armour: Leather armour    |     4 |       ||     4
         Ring mail         |     2 |    45 ||    47
  Dodge: Dodged            |    27 |   140 ||   167
  Block: Other             |       |     5 ||     5
